 Dungeon Crawl Stone Soup version 0.31.0-4-g52a2dc7128 (webtiles) character file.

Game seed: 9203277565039335973

214 groovy9 the Magician (level 6, -1/45 HPs)
             Began as a Djinni Fire Elementalist on Jan 21, 2024.
             Was an Initiate of Makhleb.
             Constricted to death by Ijyb (4 damage)
             ... on level 4 of the Dungeon.
             The game lasted 00:10:54 (2834 turns).

groovy9 the Magician (Djinni Fire Elementalist)     Turns: 2834, Time: 00:10:55

Health: -1/45      AC:  4    Str:  7    XL:     6   Next: 15%
Gold:   83         EV:  9    Int: 18    God:    Makhleb [......] SH:  0 Dex: 14

rFire   + + .        g - staff of earth
rCold   x . .        (no shield)
rNeg    . . .        a - +0 robe
rPois   ∞            l - +0 helmet
rElec   .            j - +0 cloak
rCorr   .            (no gloves)
SInv    .            (boots unavailable)
Will    .....        (no amulet)
Stlth   ++           (no ring)
HPRegen 0.27/turn    (no ring)
MPRegen 0.00/turn

%: infuse magic (-2 HP)
@: grasped by roots, flying, very slightly contaminated, constricted
A: sickness immunity, fire resistance 2, cold vulnerability 1, float, innate
caster, HP casting, extra vitality 1
a: Renounce Religion


You were on level 4 of the Dungeon.
You worshipped Makhleb.
Makhleb was noncommittal.
You visited 1 branch of the dungeon, and saw 4 of its levels.

You collected 83 gold pieces.

Inventory:

Hand Weapons
 e - a +0 short sword of draining
Armour
 a - a +0 robe (worn)
 j - a +0 cloak (worn)
 l - a +0 helmet (worn)
Magical Staves
 g - a staff of earth (weapon)
Wands
 n - a wand of polymorph (3)
Scrolls
 d - 3 scrolls of teleportation {unknown}
 f - a scroll of noise {unknown}
 i - a scroll of blinking {unknown}
 m - a scroll of identify {unknown}
 p - 3 scrolls of fear {unknown}
Potions
 b - a potion of brilliance {unknown}
 c - a potion of degeneration {unknown}
 h - a potion of resistance {unknown}
 k - a potion of enlightenment {unknown}
 o - a potion of invisibility {unknown}
 q - 2 potions of might {unknown}


   Skills:
 + Level 2.8 Fighting
 - Level 2.1 Dodging
 - Level 1.5 Stealth
 * Level 4.8 Spellcasting
 * Level 4.8 Conjurations
 * Level 4.8 Hexes
   Level 0.0 Charms
 * Level 4.8 Summonings
 * Level 4.8 Necromancy
 * Level 4.8 Translocations
   Level 0.0 Transmutations
 * Level 4.8 Fire Magic
 * Level 4.8 Ice Magic
 * Level 4.8 Air Magic
 * Level 4.8 Earth Magic
 * Level 4.8 Alchemy
 + Level 0.0 Invocations


You knew the following spells:

 Your Spells              Type           Power      Damage    Failure   Level
a - Foxfire               Conj/Fire      84%        2x1d8     1%          1
b - Scorch                Fire           42%        2d6       2%          2
c - Volatile Blastmotes   Fire/Tloc      42%        2d13      5%          3
d - Inner Flame           Hex/Fire       21%        N/A       5%          3
e - Flame Wave            Conj/Fire      21%        2d8       19%         4
f - Shock                 Conj/Air       84%        1d8       1%          1
g - Momentum Strike       Conj/Tloc      42%        3d9       2%          2
Your spell library was empty.

Dungeon Overview and Level Annotations

Branches:
Dungeon (4/15)
 Temple: D:4-7

Altars:
Ashenzari
Makhleb
Uskayaw

Annotations:
D:4 Ijyb


Innate Abilities, Weirdness & Mutations

You are immune to sickness and miasma.
You are immune to poison.
Your flesh is very heat resistant. (rF++)
You are vulnerable to cold. (rC-)
You float through the air rather than walking.
You learn spells naturally, not from books.
Your magical power is your life essence.
You have superior vitality. (+4 MHP)


Message History

Aim: Ijyb, wielding a +0 dagger of draining, wearing a +0 leather armour and carrying a wand of roots (severely wounded, 64% to hit)
You miscast Momentum Strike.
You are very lightly contaminated with residual magic.
Nothing appears to happen.
An orc comes into view. It is wielding a +0 short sword.
Ijyb hits you with a +0 dagger of draining.
Casting: Momentum Strike (safe; 2% risk of failure)
Confirm with . or Enter, or press ? or * to list all spells.
Aiming: Momentum Strike (safe; 2% risk of failure)
Press: ? - help, Dir - move target, f/p - Ijyb
Aim: Ijyb, wielding a +0 dagger of draining, wearing a +0 leather armour and carrying a wand of roots (severely wounded, 64% to hit)
The concentrated momentum misses Ijyb.
Ijyb hits you with a +0 dagger of draining.
* * * LOW HITPOINT WARNING * * *
Casting: Momentum Strike (safe; 2% risk of failure)
Confirm with . or Enter, or press ? or * to list all spells.
Aiming: Momentum Strike (safe; 2% risk of failure)
Press: ? - help, Dir - move target, f/p - Ijyb
Aim: Ijyb, wielding a +0 dagger of draining, wearing a +0 leather armour and carrying a wand of roots (severely wounded, 64% to hit)
The concentrated momentum misses Ijyb.
* * * LOW HITPOINT WARNING * * *
An orc wizard comes into view.
It is wielding a +0 dagger and wearing a +1 robe of willpower.
Ijyb zaps a wand.
The roots erupt in riotous growth!
The grasping roots grab you!
Ijyb is unaffected.
The grasping roots constrict you.
* * * LOW HITPOINT WARNING * * *
The orc wizard shouts!
Casting: Momentum Strike (safe; 2% risk of failure)
Confirm with . or Enter, or press ? or * to list all spells.
Aiming: Shock (safe; 1% risk of failure)
Press: ? - help, Shift-Dir - straight line, f/p - Ijyb
Aim: Ijyb, wielding a +0 dagger of draining, wearing a +0 leather armour and carrying a wand of roots (severely wounded, 67% to hit)
The zap hits Ijyb.
Ijyb is almost dead.
* * * LOW HITPOINT WARNING * * *
The orc wizard gestures wildly while chanting.
The orc wizard flickers and vanishes!
Deactivating autopickup; reactivate with Ctrl-A.
Ijyb closely misses you. The grasping roots constrict you.
You die...

##############
#............#
#............#
#............#
#......<.....#
#............#
#.....@......#
....#+##g....##
... 'o....# ..
#.o...+ #.....#
####.... ....#
{.!+ ...#


You could see Ijyb and 2 orcs.

Vanquished Creatures
  A bombardier beetle (D:3)
  An orc priest (D:3)
  Jessica (D:2)
  Robin (D:2)
  4 adders
  A dart slug (D:2)
  4 orcs (D:3)
  5 ball pythons
  4 endoplasms
  2 giant cockroaches
  13 goblins
  6 hobgoblins
  7 jackals
  8 kobolds
  3 quokkas
  2 bats
  A frilled lizard (D:1)
  5 rats
69 creatures vanquished.

Vanquished Creatures (others)
  32 foxfires
32 creatures vanquished.

Grand Total: 101 creatures vanquished

Notes
Turn   | Place    | Note
-------+----------+-------------------------------------------
     0 | D:1      | groovy9 the Djinni Fire Elementalist began the quest for
                  | the Orb.
     0 | D:1      | groovy9 set off with the following spells memorised:
                  | Foxfire, Scorch, Volatile Blastmotes, Inner Flame, Flame
                  | Wave.
     0 | D:1      | Reached XP level 1. HP: 15/15 MP: 0/0
   179 | D:1      | Reached XP level 2. HP: 9/22 MP: 0/0
   516 | D:1      | Reached skill level 1 in Fighting
   566 | D:1      | Reached XP level 3. HP: 21/27 MP: 0/0
   566 | D:1      | Learned a level 1 spell: Shock
  1010 | D:2      | Noticed Robin
  1011 | D:2      | Noticed Jessica
  1171 | D:2      | Killed Robin
  1179 | D:2      | Reached XP level 4. HP: 14/32 MP: 0/0
  1290 | D:2      | Killed Jessica
  1702 | D:2      | Reached XP level 5. HP: 26/38 MP: 0/0
  1702 | D:2      | Learned a level 2 spell: Momentum Strike
  2185 | D:3      | Noticed a +0 spear
  2185 | D:3      | Noticed a +0 dagger
  2185 | D:3      | Noticed a +0 falchion
  2185 | D:3      | Noticed a +0 dagger
  2185 | D:3      | Noticed a +0 short sword
  2185 | D:3      | Noticed a +0 spear
  2186 | D:3      | Noticed a +0 short sword
  2187 | D:3      | Found a hide-covered altar of Uskayaw.
  2187 | D:3      | Noticed a +0 falchion
  2261 | D:3      | Found a broken altar of Ashenzari.
  2402 | D:3      | Reached XP level 6. HP: 20/45 MP: 0/0
  2701 | D:3      | Found a burning altar of Makhleb.
  2807 | D:3      | Became a worshipper of Makhleb the Destroyer
  2820 | D:4      | Noticed Ijyb
  2834 | D:4      | Constricted to death by Ijyb

Illustrated notes

Levels and vault maps discovered:
D:1:      nicolae_arrival_somewhat_less_tricky_arrival, layout_basic,
          roderic_lattice_a, serial_bayou_pond_c, lexackson_kobold_supper
D:2:      layout_basic, uniq_jessica, uniq_robin
D:3:      layout_rooms, nicolae_uskayaw_en_pointe,
          mainiacjoe_overflow_surrounded_room, bloody_makhleb,
          minmay_tree_intersection
D:4:      layout_gridville, mainiacjoe_overflow_concentric_impassable,
          uniq_ijyb, uniq_natasha

Skill      XL: |  1  2  3  4 |
---------------+-------------+-----
Fighting       | 1 2 |  2.8
Spellcasting   | 4 |  4.8
Conjurations   | 4 |  4.8
Hexes          | 4 |  4.8
Summonings     | 4 |  4.8
Necromancy     | 4 |  4.8
Translocations | 4 |  4.8
Fire Magic     | 4 |  4.8
Ice Magic      | 4 |  4.8
Air Magic      | 4 |  4.8
Earth Magic    | 4 |  4.8
Alchemy        | 4 |  4.8
Dodging        | |  2.1
Stealth        | |  1.5

Action                     |  1- 3 |  4- 6 || total
---------------------------+-------+-------++-------
   Cast: Foxfire           |    13 |    11 ||    24
         Scorch            |    30 |    32 ||    62
         Volatile Blastmot |       |     2 ||     2
         Shock             |       |     4 ||     4
         Momentum Strike   |       |     3 ||     3
 Armour: Robe              |     9 |     5 ||    14
  Dodge: Dodged            |    10 |     6 ||    16
